 Dungeon Crawl Stone Soup version 0.29-a0-823-gc37b1572da (webtiles) character file.

Game seed: 1319164490663167666

4878 buhh the Changer (level 10, -2/85 HPs)
             Began as an Octopode Transmuter on July 9, 2022.
             Was a Follower of Cheibriados.
             Slain by a six-headed hydra (12 damage)
             ... on level 11 of the Dungeon.
             The game lasted 00:14:50 (14045 turns).

buhh the Changer (Octopode Transmuter)             Turns: 14045, Time: 00:14:51

Health: -2/85      AC:  8    Str: 13    XL:     10   Next: 50%
Magic:  10/13      EV: 13    Int: 22    God:    Cheibriados [*.....]
Gold:   566        SH:  0    Dex: 16    Spells: 3/13 levels left

rFire   x . .      SeeInvis .     - Unarmed
rCold   + + +      Faith    .   (shield currently unavailable)
rNeg    . . .      Spirit   .   (helmet currently unavailable)
rPois   +          Reflect  .   (no amulet)
rElec   .          Harm     .   (no ring)
rCorr   .          Rampage  .   (no ring)
Will    .....                   (no ring)
Stlth   +.........              (no ring)
HPRegen 0.24/turn               (no ring)
MPRegen 0.13/turn               (no ring)
                                (no ring)
                                (no ring)

@: confused, ice-form, studying 2 skills, very slow
A: freezing attack, boosted hp, almost no armour, amphibious, 8 rings, large,
(camouflage 1), (gelatinous body 1), (nimble swimmer 1), (tentacles)
a: End Transformation, Renounce Religion, Bend Time


You were on level 11 of the Dungeon.
You worshipped Cheibriados.
Cheibriados was aware of your devotion.
You were a creature of crystalline ice.
You visited 2 branches of the dungeon, and saw 11 of its levels.

You collected 566 gold pieces.

Inventory:

Missiles
 m - 34 poisoned darts
 v - 3 curare-tipped darts
Magical Staves
 d - a staff of poison
 o - a staff of air
 x - a staff of conjuration
Jewellery
 l - an amulet of magic regeneration
Wands
 n - a wand of flame (16)
 y - a wand of polymorph (2)
 z - a wand of iceblast (6)
Scrolls
 c - 2 scrolls of torment
 e - 2 scrolls of fog
 g - a scroll of enchant weapon
 h - a scroll of magic mapping {!r!d}
 i - a scroll of identify {!d}
 k - 5 scrolls of enchant armour
 q - a scroll of vulnerability
 u - a scroll of amnesia
Potions
 a - 2 potions of mutation {unknown}
 b - a potion of might {unknown}
 f - 6 potions of degeneration {unknown}
 j - 2 potions of invisibility {unknown}
 p - 2 potions of cancellation {unknown}
 r - 2 potions of flight {unknown}
 s - 3 potions of ambrosia {unknown}
 t - 4 potions of curing {!q!d}
 w - 2 potions of resistance {unknown}


   Skills:
 + Level 7.2 Fighting
 + Level 7.2 Dodging
 - Level 2.0 Stealth
 + Level 7.2 Unarmed Combat
 - Level 2.0 Spellcasting
 * Level 7.6 Transmutations
 * Level 5.0 Ice Magic
 - Level 2.0 Poison Magic


You had 3 spell levels left.
You knew the following spells:

 Your Spells              Type           Power      Damage    Failure   Level
a - Beastly Appendage     Tmut           70%        N/A       1%          1
b - Wereblood             Tmut           35%        N/A       1%          2
c - Spider Form           Tmut/Pois      23%        N/A       6%          3
d - Ice Form              Ice/Tmut       30%        N/A       10%         4

Your spell library contained the following spells:

 Spells                   Type           Power      Damage    Failure   Level
 Magic Dart               Conj           8%         1d3       14%         1
 Sandblast                Erth           4%         2d4       14%         1
 Searing Ray              Conj           4%         2d4       21%         2
 Fulminant Prism          Conj/Hex       1%         3d6       80%         4


Dungeon Overview and Level Annotations

Branches:
Dungeon (11/15) Zot: 40019  Temple (1/1) D:7 Zot: 8823
   Lair: D:8-11         Orc: D:9-12

Altars:
Ashenzari
Cheibriados
Hepliaklqana
Kikubaaqudgha
Makhleb
Okawaru
Qazlal
Sif Muna
Trog
Uskayaw
Vehumet
Wu Jian
Xom
Yredelemnul
The Shining One

Shops:
D:3 (   D:6 =(=

Annotations:
D:3 exclusion: downstairs
D:11 Gastronok


Innate Abilities, Weirdness & Mutations

You are a creature of crystalline ice.
You have a powerful freezing melee attack.
Your maximum health is increased.
Your armour is entirely melded.
You are incapable of wielding weapons or throwing items.
You cannot wear most types of armour.
You are amphibious.
You can wear up to eight rings at the same time.
((Your skin changes colour to match your surroundings (Stealth+).))
((Your rubbery body absorbs attacks. (AC +1, EV +1)))
((You are camouflaged when in or above water. (Stealth+)))
((You have tentacles for arms and can constrict up to eight enemies at once.))


Message History

Found a stone staircase leading up.
You see here a +0 plate armour.
As you open the door, it creaks loudly!
A vampire and a six-headed hydra come into view.
The six-headed hydra roars!
Found a stone staircase leading down.
As you close the door, it creaks loudly!
A vampire opens the door.
Aiming: Iceblast
Press: ? - help, Shift-Dir - straight line, f - vampire
Aim: a vampire The mass of ice explodes!
The iceblast engulfs the vampire.
The vampire partially resists.
The vampire is lightly damaged.
Casting: Ice Form (dangerous; 10% risk of failure)
Press: ? - help, Q - select action, (/) - cycle Dir - look around, f - activate You turn into a creature of crystalline ice.
The vampire hits you! The vampire completely misses you.
The vampire mumbles some strange words.
The vampire flickers and vanishes!
Deactivating autopickup; reactivate with Ctrl-A.
You see here a +0 plate armour.
The six-headed hydra bites you but does no damage.
The six-headed hydra bites you! x2; The six-headed hydra misses you.
The six-headed hydra closely misses you.
The six-headed hydra bites you but does no damage.
You punch the six-headed hydra! You freeze the six-headed hydra.
The six-headed hydra is lightly wounded.
The six-headed hydra bites you. The six-headed hydra bites you! x2
The six-headed hydra bites you. The six-headed hydra bites you!
* * * LOW HITPOINT WARNING * * *
The six-headed hydra bites you but does no damage.
You punch the six-headed hydra! You freeze the six-headed hydra.
The six-headed hydra is heavily wounded.
You hear some strange, mumbled words.
You are confused.
The six-headed hydra bites you!
* * * LOW HITPOINT WARNING * * *
The six-headed hydra bites you!
You die...

. ########## .>
#........# ...
#........# ....
#........# .....
#........######......
##........##...'......
.<.....YD.[..###......
##........#### .....
######.### .... #..#
... #.## #+ #.#
###'### ##+###
####..)..# #.....#
#....# ##..'....>#
#.....#


You could see a six-headed hydra.

Vanquished Creatures
  Pikel (D:6)
  Sigmund (D:6)
  6 yaks (D:11)
  A wraith (D:11)
  A steam dragon (D:8)
  2 ice beasts (D:7)
  An orc warrior (D:7)
  3 black bears
  A sky beast (D:7)
  An ogre (D:5)
  3 centaurs (D:8)
  2 lemures (D:6)
  2 phantoms
  Blork the orc (D:6)
  2 bullfrogs (D:9)
  3 kobold brigands
  2 gnoll sergeants
  A necrophage (D:5)
  3 scorpions
  11 killer bees (D:9)
  2 jellies
  5 orc priests
  3 hounds
  2 iguanas
  3 orc wizards
  16 gnolls
  10 adders
  A shadow imp (D:8)
  2 ufetubi
  A worm (D:4)
  4 dart slugs
  15 orcs
  7 ball pythons
  7 bats
  3 bat zombies (D:5)
  6 endoplasms
  3 giant cockroaches (D:4)
  5 goblins
  9 hobgoblins
  2 jackals (D:3)
  16 kobolds
  4 quokkas
  3 frilled lizards
  6 rats
183 creatures vanquished.

Notes
Turn   | Place    | Note
-------+----------+-------------------------------------------
     0 | D:1      | buhh the Octopode Transmuter began the quest for the Orb.
     0 | D:1      | Reached XP level 1. HP: 13/13 MP: 3/3
    80 | D:1      | Reached XP level 2. HP: 18/18 MP: 3/5
   336 | D:1      | Reached XP level 3. HP: 14/23 MP: 6/6
   490 | D:1      | Found a faded altar of an unknown god.
   619 | D:1      | Got Plato's Octavo of the Mountains
   915 | D:2      | Learned a level 2 spell: Wereblood
   919 | D:2      | Learned a level 3 spell: Spider Form
  1350 | D:2      | Reached XP level 4. HP: 29/29 MP: 7/7
  2271 | D:3      | Reached XP level 5. HP: 34/34 MP: 2/8
  2440 | D:3      | Found Huum's Weapon Shop.
  3233 | D:4      | Reached XP level 6. HP: 33/42 MP: 6/9
  3620 | D:4      | Noticed a black bear
  3633 | D:4      | Killed a black bear
  3634 | D:4      | Reached XP level 7. HP: 31/47 MP: 5/10
  4021 | D:4      | Reached skill level 5 in Unarmed Combat
  5234 | D:5      | Entered Level 5 of the Dungeon
  5511 | D:5      | Reached XP level 8. HP: 54/54 MP: 6/11
  5585 | D:5      | Reached skill level 5 in Dodging
  6418 | D:5      | Reached skill level 5 in Fighting
  6818 | D:5      | Found an ancient bone altar of Kikubaaqudgha.
  7041 | D:6      | Found Emaukem's Jewellery Shop.
  7116 | D:6      | Found Fisen's Weapon Shop.
  7238 | D:6      | Noticed Blork the orc
  7250 | D:6      | Killed Blork the orc
  7805 | D:6      | Noticed Sigmund
  7812 | D:6      | Killed Sigmund
  8019 | D:6      | Noticed Pikel
  8039 | D:6      | Killed Pikel
  8040 | D:6      | Reached skill level 5 in Transmutations
  8040 | D:6      | Reached XP level 9. HP: 47/62 MP: 9/12
  8314 | D:6      | Found Raupp's Jewellery Boutique.
  8954 | D:6      | Learned a level 4 spell: Ice Form
  9710 | D:7      | Reached skill level 5 in Ice Magic
 10143 | D:7      | Found a staircase to the Ecumenical Temple.
 10150 | Temple   | Entered the Ecumenical Temple
 10235 | Temple   | Became a worshipper of Cheibriados the Contemplative
 11535 | D:8      | Found a bloodstained altar of Trog.
 11535 | D:8      | Found a hide-covered altar of Uskayaw.
 11537 | D:8      | Found a basalt altar of Yredelemnul.
 11537 | D:8      | Found a radiant altar of Vehumet.
 12310 | D:8      | Reached XP level 10. HP: 59/69 MP: 10/13
 12928 | D:9      | Reached * piety under Cheibriados
 13645 | D:9      | You fall into a shaft and drop 2 floors!
 13966 | D:11     | Noticed Gastronok
 14033 | D:11     | Noticed a six-headed hydra
 14045 | D:11     | Slain by a six-headed hydra

Illustrated notes

Levels and vault maps discovered:
D:1:      minmay_arrival_four_houses, layout_rooms,
          shapermc_ecumenical_altar_rom_forum
D:2:      layout_loops_ring, st_stairs_6, minmay_crystal_water
D:3:      layout_basic, serial_shops,
          nicolae_shop_temple_entry_statues_fountains
D:4:      layout_basic, kennysheep_small_circle
D:5:      layout_basic, lemuel_zombie_altar_kikubaaqudgha, nrook_campfire
D:6:      layout_basic, serial_shops, nicolae_shop_bloodbath_and_beyond, shop,
          nicolae_shop_stone, uniq_sigmund, uniq_pikel, uniq_blork_the_orc
D:7:      layout_rooms, minmay_temple_entry_gardened_gates
D:8:      layout_loops_ring, mainiacjoe_overflow_alcove_3, minivault_10
D:9:      layout_irregular_city, david_orc_1_choice,
          chequers_serial_rivers_micro_e
D:11:     layout_roguey, uniq_sonja, uniq_gastronok
Temple:   minmay_crystal_spiral_temple

Skill      XL: |  1  2  3  4  5  6  7  8  9 10 |
---------------+-------------------------------+-----
Stealth        | 1 2 |  2.0
Poison Magic   | 1 2 |  2.0
Fighting       | 2 3 4 6 7 |  7.2
Dodging        | 3 4 6 7 |  7.2
Unarmed Combat | 4 5 6 7 |  7.2
Transmutations | 3 5 6 7 |  7.6
Ice Magic      | 4 5 |  5.0
Spellcasting   | |  2.0

Action                   |  1- 3 |  4- 6 |  7- 9 | 10-12 || total
-------------------------+-------+-------+-------+-------++-------
Melee: Unarmed           |    66 |    91 |   320 |    96 ||   573
       Constrict         |    15 |    15 |    13 |     1 ||    44
       Tentacles         |    10 |     9 |    17 |       ||    36
       Kick              |     9 |    13 |    21 |       ||    43
       Punch             |     4 |     1 |     6 |       ||    11
 Cast: Beastly Appendage |    10 |    17 |    21 |       ||    48
       Spider Form       |     3 |     6 |    33 |     1 ||    43
       Wereblood         |       |     2 |     5 |     2 ||     9
       Ice Form          |       |       |       |     7 ||     7
Evoke: Wand              |       |       |    12 |     1 ||    13
  Use: Potion            |       |       |     3 |     3 ||     6
       Scroll            |       |       |    11 |     4 ||    15
 Stab: Sleeping          |     1 |     1 |     4 |       ||     6
       Invisible         |       |       |     4 |       ||     4
Armor: Skin              |     2 |     6 |    32 |    40 ||    80
Dodge: Dodged            |    68 |    75 |   277 |   105 ||   525

Table legend: (Time is in decaauts)
 A = Elapsed time spent in this place.
 B = Non-inter-level travel time spent in this place.
 C = Inter-level travel time spent in this place.
 D = Time resting spent in this place.
 E = Time spent auto-exploring this place.
 F = Levels seen in this place.
 G = Mean time per level.
                   A        B        C        D        E       F      G
               +--------+--------+--------+--------+--------+-----+--------+
         Total |  14499 |  13916 |    583 |   2282 |   9736 |  11 | 1318.1 |
       Dungeon |  14364 |  13844 |    520 |   2282 |   9675 |  10 | 1436.4 |
        Temple |    134 |     72 |     62 |      0 |     61 |   1 |  134.0 |
               +--------+--------+--------+--------+--------+-----+--------+

Top non-repeatable levels by time:
     D:4: 2204 daAuts
     D:7: 2125 daAuts
     D:6: 1910 daAuts
     D:8: 1888 daAuts
     D:5: 1723 daAuts
     D:3: 1156 daAuts
     D:9: 1016 daAuts
     D:1: 958 daAuts
     D:2: 902 daAuts
    D:11: 479 daAuts
  Temple: 134 daAuts
